 Dungeon Crawl Stone Soup version 0.28.0-45-g0d030f2227 (webtiles) character file.

Game seed: 3105799364013536810

6027 pkoi the Zephyrmancer (level 10, -1/80 HPs)
             Began as a Demigod Air Elementalist on Apr 19, 2022.
             Slain by a troll (16 damage)
             ... on level 10 of the Dungeon.
             The game lasted 00:14:33 (16202 turns).

pkoi the Zephyrmancer (Demigod Air Elementalist)   Turns: 16202, Time: 00:14:34

Health: -1/80      AC:  5    Str:  9    XL:     10   Next: 31%
Magic:  22/22      EV: 14    Int: 29    God:
Gold:   461        SH:  0    Dex: 14    Spells: 10/20 levels left

rFire   + . .      SeeInvis .   H - +0 spear (venom)
rCold   . . .      Faith    .   (no shield)
rNeg    . . .      Spirit   .   u - +0 robe {Will+}
rPois   +          Reflect  .   h - +1 helmet
rElec   .          Harm     .   (no cloak)
rCorr   .          Rampage  .   G - +0 pair of gloves
Will    ++...                   (no boots)
Stlth   ++........              p - amulet of magic regeneration
HPRegen 0.23/turn               k - ring of poison resistance
MPRegen 0.58/turn               x - ring of protection from fire

@: no status effects
A: high MP 1, forlorn, divine attributes
a: no special abilities


You were on level 10 of the Dungeon.
You visited 1 branch of the dungeon, and saw 10 of its levels.

You collected 461 gold pieces.

Inventory:

Hand Weapons
 b - a +0 quarterstaff of protection
 n - a +0 dagger of draining
 B - a +4 dagger of freezing
 C - a +5 flail
 H - a +0 spear of venom (weapon)
Missiles
 c - 26 poisoned darts
 r - 2 throwing nets
Armour
 h - a +1 helmet (worn)
 u - a +0 robe of willpower (worn)
 G - a +0 pair of gloves (worn)
Jewellery
 k - a ring of poison resistance (left hand)
 p - an amulet of magic regeneration (around neck)
 x - a ring of protection from fire (right hand)
 D - a ring of ice
 E - a ring of flight
 I - an amulet of regeneration
Wands
 j - a wand of paralysis (8)
 F - a wand of charming (6)
Scrolls
 a - a scroll of enchant armour {unknown}
 e - 5 scrolls of teleportation
 i - 4 scrolls of identify
 o - a scroll of fear
 s - a scroll of brand weapon
 v - 3 scrolls of amnesia
 w - 2 scrolls of magic mapping
 y - a scroll of fog
Potions
 d - 2 potions of invisibility
 f - 3 potions of heal wounds
 g - 2 potions of might
 l - a potion of flight
 m - a potion of degeneration
 q - 5 potions of curing
 t - a potion of mutation
 z - a potion of resistance
 A - 2 potions of ambrosia
 J - a potion of attraction {unknown}


   Skills:
 + Level 4.8 Fighting
 + Level 5.3 Dodging
 - Level 1.7 Stealth
 + Level 2.6 Unarmed Combat
 + Level 5.8 Spellcasting
 - Level 4.0 Conjurations
 * Level 10.0 Air Magic
 + Level 2.6 Evocations


You had 10 spell levels left.
You knew the following spells:

 Your Spells              Type           Power      Damage    Failure   Level
a - Shock                 Conj/Air       100%       1d9       1%          1
b - Static Discharge      Conj/Air       49%        N/A       1%          2
c - Swiftness             Air            61%        N/A       1%          3
d - Airstrike             Air            30%        N/A       1%          4

Your spell library contained the following spells:

 Spells                   Type           Power      Damage    Failure   Level
 Magic Dart               Conj           100%       1d8       1%          1
 Mephitic Cloud           Conj/Pois/Air  35%        N/A       2%          3
 Slow                     Hex            32%        N/A       6%          1
 Call Imp                 Summ           8%         N/A       9%          2
 Confusing Touch          Hex            8%         N/A       17%         3
 Vampiric Draining        Necr           8%         2d6       17%         3


Dungeon Overview and Level Annotations

Branches:
Dungeon (10/15)            Temple (0/1) D:4             Orc (0/2) D:9
   Lair: D:8-11

Shops:
D:8 =

Annotations:
D:6 exclusion: upstairs


Innate Abilities, Weirdness & Mutations

You have an increased reservoir of magic. (+10% MP)
You shall have no god before yourself.
Your divine heritage dramatically boosts your attributes as you level up.


Message History

A centaur comes into view.
The centaur wields a +0 shortbow.
The centaur shoots an arrow.
The arrow hits you!
You hear a shout!
A centaur is nearby!
The air twists around and strikes the centaur!
The centaur is heavily wounded.
The centaur shoots an arrow.
The arrow hits you!
* * * LOW HITPOINT WARNING * * *
The centaur shoots an arrow.
The arrow barely misses you.
You are too injured to fight recklessly!
You are too injured to fight recklessly!
A troll comes into view.
The centaur unwields a +0 shortbow.
The centaur completely misses you. The centaur closely misses you.
You hit the centaur but do no damage.
The centaur is poisoned.
The centaur is heavily wounded.
The centaur misses you. The centaur closely misses you. x2
The centaur kicks you but does no damage.
You hit the centaur.
The centaur looks as sick as possible!
The centaur is severely wounded.
The centaur misses you. The centaur barely misses you.
The centaur hits you but does no damage.
The centaur kicks you.
* * * LOW HITPOINT WARNING * * *
You hit the centaur.
You kill the centaur!
You hit the troll but do no damage.
The troll is poisoned.
The troll bites you!
* * * LOW HITPOINT WARNING * * *
The troll claws you.
* * * LOW HITPOINT WARNING * * *
The troll claws you!
* * * LOW HITPOINT WARNING * * *
You hit the troll but do no damage.
The troll looks as sick as possible!
The troll is lightly wounded.
The troll bites you but does no damage. The troll barely misses you.
The troll claws you!
* * * LOW HITPOINT WARNING * * *
The troll bites you!
You die...

#.. #.# #
#.# #. #.#
♣. ♣#.#
#♣♣.♣♣..#
#...T@..#
#♣♣.♣♣..#
........ ♣.
♣#.#
#......# #.
#.#
##......# #
#.#
#.......##
#.#
#........#
#.#
##....)...#
#.#
#..........
#.#
##..........


You could see a troll (extremely poisoned).

Vanquished Creatures
  A two-headed ogre (D:7)
  A troll (D:9)
  4 yaks
  A steam dragon (D:9)
  Duvessa (D:7)
  2 water moccasins
  A black bear (D:6)
  2 orc warriors
  A hornet zombie (D:7)
  2 sky beasts
  2 ogres
  6 centaurs
  2 phantoms (D:6)
  4 kobold brigands
  A bullfrog (D:7)
  A scorpion (D:5)
  A gnoll sergeant (D:7)
  A water moccasin zombie (D:6)
  A water moccasin skeleton (D:6)
  Dowan (D:7)
  3 killer bees (D:9)
  3 howler monkeys
  14 wights
  2 bullfrog zombies
  4 centaur zombies
  6 orc priests
  A jelly (D:4)
  A centaur skeleton (D:4)
  3 gnoll shamans
  5 hounds
  2 iguanas
  Terence (D:2)
  6 orc wizards
  2 howler monkey zombies
  30 gnolls
  10 adders
  A white imp (D:5)
  An ufetubus (D:5)
  A dart slug (D:1)
  3 worms
  19 orcs
  8 ball pythons
  7 bats
  8 endoplasms
  7 giant cockroaches
  14 goblins
  11 hobgoblins
  47 kobolds
  2 quokkas
  4 frilled lizards
  5 rats
267 creatures vanquished.

Vanquished Creatures (others)
  A fungus (D:1)
  28 plants
29 creatures vanquished.

Grand Total: 296 creatures vanquished

Notes
Turn   | Place    | Note
-------+----------+-------------------------------------------
     0 | D:1      | pkoi the Demigod Air Elementalist began the quest for the
                  | Orb.
     0 | D:1      | Reached XP level 1. HP: 14/14 MP: 5/5
    90 | D:1      | Reached skill level 3 in Air Magic
   320 | D:1      | Reached XP level 2. HP: 8/20 MP: 7/7
  1743 | D:2      | Reached XP level 3. HP: 26/26 MP: 4/8
  1921 | D:2      | Reached skill level 4 in Air Magic
  2254 | D:2      | Noticed Terence
  2334 | D:2      | Killed Terence
  2487 | D:2      | Learned a level 3 spell: Swiftness
  2566 | D:2      | Reached XP level 4. HP: 23/33 MP: 2/9
  4158 | D:3      | Reached skill level 5 in Air Magic
  4704 | D:4      | Noticed an ogre
  4710 | D:4      | Killed an ogre
  4711 | D:4      | Reached XP level 5. HP: 38/38 MP: 3/11
  5370 | D:4      | Reached XP level 6. HP: 34/45 MP: 4/13
  5768 | D:4      | Found a staircase to the Ecumenical Temple.
  5986 | D:4      | Reached skill level 6 in Air Magic
  7096 | D:4      | Reached XP level 7. HP: 50/50 MP: 12/15
  7157 | D:4      | Learned a level 2 spell: Static Discharge
  7162 | D:4      | Learned a level 4 spell: Airstrike
  7451 | D:4      | Reached skill level 1 in Conjurations
  7451 | D:4      | Reached skill level 7 in Air Magic
  8440 | D:5      | Entered Level 5 of the Dungeon
  8541 | D:4      | Reached skill level 1 in Fighting
  9367 | D:5      | Reached XP level 8. HP: 61/61 MP: 11/17
 10187 | D:6      | Reached skill level 8 in Air Magic
 10912 | D:5      | Noticed a rust devil
 10912 | D:5      | Noticed a rust devil
 11088 | D:7      | Found the +6 shillelagh "Devastator" {shatter}
 11568 | D:7      | HP: 2/63 [gnoll sergeant/+0 spear (12)]
 11569 | D:7      | Reached XP level 9. HP: 2/70 MP: 13/19
 12239 | D:7      | Noticed Duvessa
 12240 | D:7      | Noticed Dowan
 12243 | D:7      | Killed Duvessa
 12255 | D:7      | Killed Dowan
 12364 | D:8      | Noticed a two-headed ogre
 12385 | D:7      | Killed a two-headed ogre
 12386 | D:7      | Reached skill level 5 in Spellcasting
 12386 | D:7      | Reached skill level 9 in Air Magic
 13567 | D:8      | Reached skill level 1 in Evocations
 13577 | D:8      | Reached skill level 1 in Unarmed Combat
 13889 | D:8      | Found Oshrafaik's Jewellery Boutique.
 14223 | D:9      | Found a staircase to the Orcish Mines.
 14536 | D:9      | Reached skill level 5 in Dodging
 14751 | D:8      | Reached XP level 10. HP: 34/80 MP: 7/22
 15934 | D:9      | Reached skill level 10 in Air Magic
 15961 | D:10     | Entered Level 10 of the Dungeon
 16202 | D:10     | Slain by a troll

Illustrated notes

Levels and vault maps discovered:
D:1:      dpeg_arrival_stonehenge_12_columns, layout_loops_ring,
          shapermc_ecumenical_altar_mp_ritualfount, st_stairs_14
D:2:      layout_loops_corners, uniq_terence
D:3:      layout_loops_ring, old_standard_altar, nicolae_overflow_crystal_walls,
          grunt_ministairs_3, minmay_goblin_outpost
D:4:      minmay_goblin_kobold_castle, layout_basic,
          minmay_temple_entry_sparse_star
D:5:      cheibrodos_iron_armory, layout_gridville
D:6:      layout_basic, mainiacjoe_overflow_chevrons, minmay_increasing_density
D:7:      layout_cave_pods, uniq_duvessa
D:8:      layout_cave_pools, serial_shops, kennysheep_mini_moat
D:9:      layout_roguey, orc_0_dummy
D:10:     nzn_winding_woodlands_medium [nzn_winding_woodlands_5x5_default,
          nzn_winding_woodlands_5x15_lazy_stream,
          nzn_winding_woodlands_hourglass, nzn_winding_woodlands_5x5_perimeter,
          nzn_winding_woodlands_center_garden,
          nzn_winding_woodlands_5x5_open_star, nzn_winding_woodlands_5x5_cross,
          nzn_winding_woodlands_5x15_split_checker,
          nzn_winding_woodlands_5x5_three], layout_layer_cave,
          mainiacjoe_overflow_paths, serial_shops, shop, uniq_joseph

Skill      XL: |  1  2  3  4  5  6  7  8  9 10 |
---------------+-------------------------------+-----
Air Magic      | 3 4 5 6 7 8 9 10 | 10.0
Spellcasting   | 2 3 4 5 |  5.8
Conjurations   | 2 3 4 |  4.0
Dodging        | 2 3 5 |  5.3
Fighting       | 1 3 4 |  4.8
Evocations     | 2 |  2.6
Unarmed Combat | 1 2 |  2.6
Stealth        | |  1.7

Action                   |  1- 3 |  4- 6 |  7- 9 | 10-12 || total
-------------------------+-------+-------+-------+-------++-------
Melee: Quarterstaff      |    48 |    20 |    39 |    13 ||   120
       Spear             |       |       |       |     5 ||     5
 Cast: Shock             |    69 |   160 |     9 |       ||   238
       Airstrike         |       |       |   194 |    46 ||   240
       Static Discharge  |       |       |     4 |       ||     4
       Swiftness         |       |       |     1 |       ||     1
  Use: Scroll            |     3 |       |    15 |       ||    18
       Potion            |     1 |       |     1 |       ||     2
Armor: Robe              |    21 |    17 |    40 |    22 ||   100
Dodge: Dodged            |    42 |    50 |   101 |    45 ||   238
